 Dungeon Crawl Stone Soup version 0.19.5 (webtiles) character file.

5125 Hamenopi the Grappler (level 10, -2/94 HPs)
             Began as a Troll Berserker on May 8, 2017.
             Was a High Priest of Trog.
             Killed from afar by an electric eel (14 damage)
             ... with a bolt of electricity
             ... on level 9 of the Dungeon.
             The game lasted 00:39:54 (6300 turns).

Hamenopi the Grappler (Troll Berserker)             Turns: 6300, Time: 00:39:56

Health: -2/94      AC: 15    Str: 30    XL:     10   Next: 32%
Magic:  9/9        EV: 10    Int:  3    God:    Trog [*****.]
Gold:   502        SH:  0    Dex:  9    Spells: 0 memorised, 9 levels left

rFire  x . .     SeeInvis .       - Unarmed
rCold  + + .     Gourm    +     o - +1 ice dragon scales
rNeg   . . .     Faith    .     (no shield)
rPois  .         Spirit   .     (helmet restricted)
rElec  .         Reflect  .     (no cloak)
rCorr  .         Harm     +     (gloves unavailable)
MR     .....                    (boots unavailable)
Stlth  ..........               E - amulet of harm
                                (no ring)
                                F - ring of flight

@: about to teleport
A: unfitting armour, claws 3, fast metabolism 3, gourmand, regeneration 1,
shaggy fur 1, tough skin 2
a: Berserk, Trog's Hand, Brothers in Arms, Burn Spellbooks, Renounce Religion,
Evoke Flight


You were on level 9 of the Dungeon.
You worshipped Trog.
Trog was extremely pleased with you.
You were very full.

You visited 2 branches of the dungeon, and saw 10 of its levels.

You collected 502 gold pieces.

Inventory:

Hand Weapons
 e - a +0 flail of venom
 m - a +2 great mace of crushing
 p - a +4 quarterstaff of chaos
 s - a +1 dagger of pain
 u - a +0 dagger
 C - a +0 dagger of draining
Missiles
 l - 328 stones (quivered)
Armour
 a - a +0 animal skin
 j - a +0 robe
 o - +1 ice dragon scales (worn)
 q - a +0 cloak
 t - a +0 animal skin
Jewellery
 B - an uncursed amulet of rage {unknown}
 E - an amulet of harm (around neck)
 F - a ring of flight (left claw)
Scrolls
 c - 14 scrolls of identify
 h - 2 scrolls of recharging
 i - a scroll of teleportation
 x - a scroll of fear
 y - 2 scrolls of fog
Potions
 d - 2 potions of flight
 g - 2 potions of agility
 k - 2 potions of curing
 A - a potion of heal wounds
Comestibles
 b - 4 bread rations
 f - 9 meat rations
 n - 4 beef jerkies
 r - 2 fruits


   Skills:
 + Level 4.4 Fighting
 + Level 2.6(3.2) Maces & Flails
 + Level 2.5(3.0) Staves
 + Level 1.1 Throwing
 + Level 5.1 Armour
 + Level 5.4 Dodging
 + Level 1.0 Stealth
 + Level 10.9 Unarmed Combat


You had 9 spell levels left.
You didn't know any spells.

Dungeon Overview and Level Annotations

Branches:
Dungeon (9/15)             Temple (1/1) D:7
   Lair: D:8-11         Orc: D:9-12

Altars:
Ashenzari
Cheibriados
Dithmenos
Elyvilon
Fedhas
Gozag
Hepliaklqana
Kikubaaqudgha
Makhleb
Nemelex Xobeh
Okawaru
Qazlal
Ru
Sif Muna
Trog
Uskayaw
Vehumet
Xom
Yredelemnul
Zin
The Shining One


Innate Abilities, Weirdness & Mutations

You are too large for most types of armour.
You have claws for hands.
Your metabolism is lightning-fast.
You like to eat raw meat.
Your natural rate of healing is unusually fast.
You are covered in fur. (AC +1)
You have very tough skin. (AC +2)


Message History

Trog accepts your kill.
You claw the orc warrior! x2
You kill the orc warrior!
Trog accepts your kill.
The orc priest hits you but does no damage.
The electric eel shoots out a bolt of lightning at you!
The bolt of electricity hits you!
You scratch the orc priest.
The orc priest is moderately wounded.
The orc priest calls down the wrath of Beogh upon you.
Pain shoots through your body!
* * * LOW HITPOINT WARNING * * *
As you read the scroll of teleportation, it crumbles to dust.
You feel strangely unstable.
The orc priest mumbles some strange prayers to Beogh against you.
Beogh smites you!
* * * LOW HITPOINT WARNING * * *
The electric eel shoots out a bolt of lightning at you!
The bolt of electricity misses you. The bolt of electricity hits you!
You die...

.........#
########.####
########....######
.................#
≈≈≈≈≈≈≈≈≈≈≈≈≈≈≈≈.#
≈≈≈≈≈≈≈≈≈≈≈≈≈≈≈≈†#
##############≈≈.#
#≈≈.# #≈;@##
#≈≈)o# #≈≈).#
#≈≈..# #≈≈..#
≈≈≈..# ≈≈≈≈..#
.......# ....###..


You could see an electric eel and an orc priest.

Vanquished Creatures
  Erica (D:8)
  The ghost of Naiya55 the Geomancer, a novice GrEE of Vehumet (D:6)
  A two-headed ogre (D:8)
  A hornet (D:7)
  2 hippogriffs
  3 orc warriors
  The ghost of Hamenopi the Ruffian, an amateur TrBe of Trog (D:3)
  2 phantoms
  2 ogres (D:6)
  4 centaurs
  3 necrophages
  A big kobold (D:8)
  6 bullfrogs
  A wyvern zombie (D:7)
  2 scorpions
  3 killer bees (D:7)
  4 wights (D:8)
  A centaur zombie (D:6)
  2 orc priests
  Crazy Yiuf (D:2)
  A centaur skeleton (D:8)
  5 hounds
  A jelly (D:8)
  5 orc wizards
  Jessica (D:2)
  2 iguanas
  Natasha (D:2)
  11 worker ants
  A hound zombie (D:7)
  A hound skeleton (D:7)
  Robin (D:3)
  9 adders
  10 gnolls
  A worker ant zombie (D:5)
  3 shadow imps
  3 oozes
  2 adder zombies
  A worm (D:3)
  3 leopard geckos
  31 orcs
  4 ball pythons
  6 giant cockroaches
  13 goblins
  7 hobgoblins
  5 jackals
  6 quokkas
  7 bats
  6 frilled lizards
  12 kobolds
  9 rats
210 creatures vanquished.

Vanquished Creatures (collateral kills)
  A hungry ghost (D:7)
1 creature vanquished.

Grand Total: 211 creatures vanquished

Notes
Turn   | Place    | Note
-------+----------+-------------------------------------------
     0 | D:1      | Hamenopi the Troll Berserker began the quest for the Orb.
     0 | D:1      | Reached XP level 1. HP: 22/22 MP: 0/0
    93 | D:1      | Reached XP level 2. HP: 28/29 MP: 1/1
   463 | D:2      | Noticed Jessica
   468 | D:2      | Killed Jessica
   468 | D:2      | Reached XP level 3. HP: 36/36 MP: 2/2
   605 | D:2      | Reached ** piety under Trog
  1029 | D:2      | Found a runed door.
  1033 | D:2      | Noticed Crazy Yiuf
  1040 | D:2      | Killed Crazy Yiuf
  1040 | D:2      | Reached XP level 4. HP: 27/45 MP: 3/3
  1310 | D:2      | Noticed Natasha
  1317 | D:2      | Killed Natasha
  1317 | D:2      | Reached skill level 4 in Unarmed Combat
  1431 | D:3      | Reached XP level 5. HP: 53/53 MP: 4/4
  1441 | D:3      | Noticed Hamenopi's ghost (amateur TrBe)
  1453 | D:3      | Killed Hamenopi's ghost
  1453 | D:3      | Reached skill level 1 in Maces & Flails
  1492 | D:3      | Noticed Robin
  1538 | D:3      | Reached XP level 6. HP: 51/61 MP: 5/5
  1544 | D:3      | Killed Robin
  1688 | D:3      | Found an iron altar of Okawaru.
  1986 | D:3      | Reached *** piety under Trog
  2181 | D:3      | Reached skill level 1 in Armour
  2450 | D:4      | Reached skill level 1 in Staves
  2723 | D:4      | Reached XP level 7. HP: 62/68 MP: 6/6
  3000 | D:5      | Entered Level 5 of the Dungeon
  3319 | D:5      | Reached skill level 5 in Unarmed Combat
  3545 | D:5      | Reached **** piety under Trog
  3545 | D:5      | Reached XP level 8. HP: 78/78 MP: 7/7
  3981 | D:6      | Reached skill level 6 in Unarmed Combat
  4183 | D:6      | Noticed Naiya55's ghost (novice GrEE)
  4200 | D:6      | Killed Naiya55's ghost
  4200 | D:6      | Reached skill level 7 in Unarmed Combat
  4557 | D:7      | Reached skill level 8 in Unarmed Combat
  4557 | D:7      | Reached XP level 9. HP: 84/84 MP: 8/8
  4587 | D:7      | Found a staircase to the Ecumenical Temple.
  4611 | D:7      | Reached skill level 1 in Throwing
  4632 | Temple   | Entered the Ecumenical Temple
  5016 | D:7      | Reached ***** piety under Trog
  5071 | D:7      | Lost intelligence.
  5138 | D:7      | Reached skill level 9 in Unarmed Combat
  5635 | D:8      | Reached skill level 5 in Dodging
  5674 | D:8      | Noticed Erica
  5695 | D:8      | Killed Erica
  5695 | D:8      | Reached skill level 10 in Unarmed Combat
  5780 | D:8      | Reached XP level 10. HP: 91/91 MP: 9/9
  6069 | D:8      | Reached skill level 5 in Armour
  6292 | D:9      | Reached skill level 1 in Stealth
  6300 | D:9      | Killed from afar by an electric eel

Skill      XL: |  1  2  3  4  5  6  7  8  9 10 |
---------------+-------------------------------+-----
Fighting       | 3 4 |  4.4
Dodging        | 3 4 5 |  5.4
Unarmed Combat | 4 5 8 10 | 10.9
Maces & Flails | 2 |  2.6
Armour         | 1 2 3 4 5 |  5.1
Staves         | 2 |  2.5
Throwing       | 1 |  1.1
Stealth        | 1 |  1.0

Action                   |  1- 3 |  4- 6 |  7- 9 | 10-12 || total
-------------------------+-------+-------+-------+-------++-------
Melee: Unarmed           |    49 |    34 |   325 |    73 ||   481
       Great mace        |    22 |    91 |       |       ||   113
       Quarterstaff      |       |    63 |       |       ||    63
       Punch             |       |     1 |    12 |     6 ||    19
Throw: Stone             |       |    16 |     9 |     7 ||    32
Invok: Berserk           |     1 |     3 |     6 |     1 ||    11
       Burn Spellbooks   |       |       |       |     1 ||     1
       Brothers in Arms  |       |       |       |     1 ||     1
  Use: Scroll            |       |     2 |     8 |     3 ||    13
       Potion            |       |       |     3 |     4 ||     7
 Stab: Sleeping          |     1 |       |       |       ||     1
  Eat: Chunk             |    15 |    20 |    34 |     9 ||    78
Armor: Animal skin       |    24 |     2 |       |       ||    26
       Ice dragon scales |       |   140 |   201 |    38 ||   379
Dodge: Dodged            |    36 |   130 |   134 |    45 ||   345
